 Dungeon Crawl Stone Soup version 0.26-a0-613-g4f23886233 (webtiles) character file.

Game seed: 16823893247785412435

207 DogServant the Magician (level 5, -8/28 HPs)
             Began as a Deep Elf Hedge Wizard on Sept 11, 2020.
             Killed by divine providence
             ... invoked by an orc priest
              (12 damage)
             ... on level 3 of the Dungeon.
             The game lasted 00:08:41 (3495 turns).

DogServant the Magician (Deep Elf Hedge Wizard)     Turns: 3495, Time: 00:08:42

Health: -8/28      AC:  3    Str:  7    XL:     5   Next: 54%
Magic:  7/15       EV: 14    Int: 20    God:
Gold:   156        SH:  0    Dex: 14    Spells: 13/16 levels left

rFire    . . .     SeeInvis .   a - +0 dagger
rCold    . . .     Faith    .   (no shield)
rNeg     . . .     Spirit   .   b - +0 robe
rPois    .         Reflect  .   c - +0 hat
rElec    .         Harm     .   (no cloak)
rCorr    .                      l - +0 pair of gloves
MR       .....                  (no boots)
Stlth    ++........             (no amulet)
HPRegen  0.09/turn              (no ring)
MPRegen  0.14/turn              (no ring)

@: no status effects
A: no striking features
a: no special abilities


You were on level 3 of the Dungeon.
You visited 1 branch of the dungeon, and saw 3 of its levels.

You collected 156 gold pieces.

Inventory:

Hand Weapons
 a - a +0 dagger (weapon)
Armour
 b - a +0 robe (worn)
 c - a +0 hat (worn)
 j - a cursed +0 helmet
 l - a +0 pair of gloves (worn)
Jewellery
 g - an uncursed ring of magical power {unknown}
Wands
 q - a wand of acid (5)
Scrolls
 d - a scroll of enchant armour {unknown}
 e - 3 scrolls of teleportation {unknown}
 f - a scroll of noise {unknown}
 h - 3 scrolls of identify {unknown}
 m - a scroll of remove curse {unknown}
 r - a scroll of amnesia {unknown}
Potions
 i - 2 potions of brilliance {unknown}
 k - a potion of lignification {unknown}
 n - 2 potions of heal wounds {unknown}
 o - a potion of curing {unknown}
 p - a potion of ambrosia {unknown}
 s - a potion of invisibility {unknown}


   Skills:
 - Level 0.2 Short Blades
 + Level 4.4 Dodging
 - Level 2.5 Stealth
 + Level 6.1 Spellcasting
 + Level 3.3 Conjurations
 - Level 1.1 Summonings
   Level 1.1 Translocations


You had 13 spell levels left.
You knew the following spells:

 Your Spells              Type           Power        Failure   Level
a - Magic Dart            Conj           ###.         2%          1
b - Call Imp              Summ           ##......     10%         2

Your spell library contained the following spells:

 Spells                   Type           Power        Failure   Level
 Blink                    Tloc           N/A          10%         2
 Slow                     Hex            #.......     16%         2
 Conjure Flame            Conj/Fire      ##......     16%         3
 Mephitic Cloud           Conj/Pois/Air  ##......     19%         3


Dungeon Overview and Level Annotations

Branches:
Dungeon (3/15)

Altars:
Gozag
Qazlal
Ru
Vehumet
Yredelemnul


Message History

Casting: Magic Dart (safe; 2% risk of failure)
Confirm with . or Enter, or press ? or * to list all spells.
Aiming: Magic Dart (safe; 2% risk of failure)
Press: ? - help, Shift-Dir - straight line, f/p - orc priest
Aim: an orc priest, wielding a +0 club (moderately wounded)
The magic dart hits the orc priest but does no damage.
The orc priest is heavily wounded.
The orc priest calls down the wrath of Beogh upon you.
Beogh smites you!
The orc priest calls down the wrath of Beogh upon you.
You struggle to resist.
The orc priest invokes the aid of Beogh against you.
Beogh smites you!
* * * LOW HITPOINT WARNING * * *
Casting: Magic Dart (safe; 2% risk of failure)
Confirm with . or Enter, or press ? or * to list all spells.
A beastly little devil appears in a puff of frigid air.
The orc priest calls down the wrath of Beogh upon you.
Beogh smites you!
You die...

#.....##...####8...8##..#
#
#............##.....###.#
#.<...##...###_....._ #.#
# #.........## #.?...#
#.###### ##..#######
8...8 #....... #..# ##8##
######## #.## #### #....)
#.# #####.# #.#### #.#
##@5...#######.# # #.#
##.###........#.# # #.#
##.## ##.#####.#.# #
#.#######o## ##.# #.#.#
#........o# .####.#.####
#.......#)# .#..........
#######.##.# ##.##..^####
#.....# .. #####
######[.. ##


You could see 2 orc priests and a friendly white imp (summoned).

Vanquished Creatures
  Natasha (D:3)
  2 adders
  A worm (D:2)
  5 dart slugs
  2 leopard geckos
  An orc (D:3)
  4 giant cockroaches
  13 goblins
  8 hobgoblins
  5 jackals
  A quokka (D:2)
  2 ball pythons (D:2)
  5 bats
  3 frilled lizards
  8 kobolds
  A leopard gecko zombie (D:3)
  6 rats
68 creatures vanquished.

Vanquished Creatures (collateral kills)
  An orc warrior (D:3)
  Natasha (D:3)
  An adder (D:3)
  2 orcs (D:3)
5 creatures vanquished.

Grand Total: 73 creatures vanquished

Notes
Turn   | Place    | Note
-------+----------+-------------------------------------------
     0 | D:1      | DogServant the Deep Elf Hedge Wizard began the quest for
                  | the Orb.
     0 | D:1      | Reached XP level 1. HP: 10/10 MP: 7/7
   409 | D:1      | Reached XP level 2. HP: 15/15 MP: 4/9
   413 | D:1      | Learned a level 2 spell: Call Imp
   786 | D:1      | Reached skill level 5 in Spellcasting
  1275 | D:2      | Reached XP level 3. HP: 19/19 MP: 8/11
  2104 | D:2      | Reached XP level 4. HP: 24/24 MP: 11/13
  2444 | D:3      | Found a basalt altar of Yredelemnul.
  2445 | D:3      | Found a radiant altar of Vehumet.
  2747 | D:3      | Noticed Natasha
  2754 | D:3      | Killed Natasha
  3111 | D:3      | Found an opulent altar of Gozag.
  3188 | D:3      | Noticed Natasha
  3195 | D:3      | Killed Natasha
  3195 | D:3      | Reached XP level 5. HP: 19/28 MP: 6/15
  3291 | D:3      | Found a sacrificial altar of Ru.
  3292 | D:3      | Found a stormy altar of Qazlal.
  3292 | D:3      | Noticed an orc warrior
  3332 | D:3      | Killed an orc warrior
  3332 | D:3      | Reached skill level 6 in Spellcasting
  3495 | D:3      | Killed from afar by an orc priest

Illustrated notes

Levels and vault maps discovered:
D:1:      heliophobic_arrival_ceremonial_halls, layout_basic
D:2:      minmay_general_purpose_star, layout_loops_ring
D:3:      layout_loops_ring, lemuel_doored_altar,
          nicolae_overflow_hidden_temple, grunt_ministairs_11, uniq_natasha

Skill      XL: |  1  2  3  4  5 |
---------------+----------------+-----
Spellcasting   | 5 6 |  6.1
Dodging        | 3 4 |  4.4
Conjurations   | 2 3 |  3.3
Short Blades   | |  0.2
Stealth        | |  2.5
Summonings     | |  1.1
Translocations | |  1.1

Action                   |  1- 3 |  4- 6 || total
-------------------------+-------+-------++-------
Melee: Dagger            |     5 |     1 ||     6
 Cast: Magic Dart        |   124 |    63 ||   187
       Call Imp          |       |    10 ||    10
 Stab: Sleeping          |       |     1 ||     1
Armor: Robe              |     2 |     2 ||     4
Dodge: Dodged            |    26 |     9 ||    35

Table legend: (Time is in decaauts)
 A = Elapsed time spent in this place.
 B = Non-inter-level travel time spent in this place.
 C = Inter-level travel time spent in this place.
 D = Time resting spent in this place.
 E = Time spent auto-exploring this place.
 F = Levels seen in this place.
 G = Mean time per level.
                   A        B        C        D        E       F      G
               +--------+--------+--------+--------+--------+-----+--------+
         Total |   3494 |   3452 |     42 |    188 |   2769 |   3 | 1164.7 |
       Dungeon |   3494 |   3452 |     42 |    188 |   2769 |   3 | 1164.7 |
               +--------+--------+--------+--------+--------+-----+--------+

Top non-repeatable levels by time:
     D:1: 1200 daAuts
     D:2: 1199 daAuts
     D:3: 1093 daAuts
